Unix NetHack Version 5.0.0-0 post-release - last build Jun 10 2026 00:39:30 (3ee93aec679c4c4259841fe613dc97188e26a321,branch:main).

Game began 2026-06-11 20:29:58, ended 2026-06-12 17:35:16.

Anarchos, lawful female dwarven Valkyrie

               --------------------------------            -------
               |..............................|           |......|
               |.------|---------.{..------|-.|          #.......|
               |.-...|..|....|%[|....|/(.|..|.|          #|......|
               |.|...|.{|....|.+|....|?(.|..|..#         # ---- --
               |.|---------|-|..|....|...|..|.|##        #
               |.|....|......-|--....---|---|.| ######## #
               |.|....|.-|--.............-..|.|        # #
 -------       |.|@@G.|.|..|.....{.......|..|.|        # #
 |.....+       |.|..@.a.|..|....-|---....----.|        # #
 |.....|       |.|-----.|..|....|.. |.........|        ###
 |......#######|.|...|..-------||...|---......|        ####
 |.....|      #|.|...-.....|....|...|..|......|     -----##
 |...>..    # #|.|...|.....|....|...|..|......|     |..^|#           |
 -------    ###|.-----.....----------|--......|     |...|##    ...<..|
             ##|..............................|#    |...|#           |
             ##--------------------------------#    |...|#
             #######################################.....#
                                                    -----

Anarchos the Fighter        St:18 Dx:16 Co:16 In:9 Wi:9 Ch:8  Lawful
Dlvl:8  $:57 HP:0(64) Pw:10(10) AC:-1 Xp:6 T:2367 

Latest messages:
 A looking glass lands on the altar.
 You hear an animal carcass being offered in sacrifice.
 You hear the splashing of a naiad.
 "Velkommen, Anarchos!  Welcome to Inuvik's general store!"
 That strange object is a small mimic!
 The small mimic hits!
 Are you waiting to get hit?  Use 'm' prefix to force a no-op (to rest).
 Are you waiting to get hit?  Use 'm' prefix to force a no-op (to rest).
 You hear water falling on coins.
 You find a small mimic.
 You already found a monster.  Use 'm' prefix to force another search.
 You already found a monster.  Use 'm' prefix to force another search.
 You already found a monster.  Use 'm' prefix to force another search.
 You already found a monster.  Use 'm' prefix to force another search.
 You already found a monster.  Use 'm' prefix to force another search.
 You hit the small mimic!
 You hit the small mimic!
 You hit the small mimic!
 You kill the small mimic!
 You have a little trouble lifting a small mimic corpse.  Continue? [ynq] (q) y
 You have a little trouble lifting J - a small mimic corpse.
 Your movements are slowed slightly because of your load.
 Where do you want to travel to?
 (For instructions type a '?')
 You hear a chugging sound.
 You have a forbidding feeling...
 What do you want to sacrifice? [yJ or ?*] ?
 Your sacrifice is consumed in a flash of light!
 You sense a conflict between Tyr and Loki.
 You feel the power of Tyr increase.
 The altar glows white.
 The priestess of Loki gets angry!
 The gnome lord gets angry!
 Your movements are now unencumbered.
 The gnome lord misses!
 The priestess of Loki wields a mace!
 The priestess of Loki kicks!
 The priestess of Loki casts a spell at you!
 You are frozen in place!
 The Green-elf wields an elven broadsword!
 The gnome lord hits!
 The priestess of Loki swings her mace.
 The priestess of Loki hits!
 The priestess of Loki kicks!
 The priestess of Loki points all around, then curses.
 The gnome lord hits!
 The priestess of Loki swings her mace.
 The priestess of Loki hits!
 You die...
 Do you want your possessions identified? [ynq] (y) q

Inventory:
 Coins    ('$')
  $ - 57 gold pieces
 Weapons  (')')
  l - 13 +0 darts
  b - 2 +0 daggers
  a - a +1 dwarvish spear (weapon in right hand)
 Armor    ('[')
  c - an uncursed +4 small shield (being worn)
  g - an uncursed +0 dwarvish cloak
  i - an uncursed rotted +0 elven cloak (being worn)
  B - an uncursed +2 mummy wrapping
  C - an uncursed +0 mummy wrapping
  e - an uncursed +0 banded mail (being worn)
 Comestibles  ('%')
  d - an uncursed food ration
  D - an uncursed partly eaten food ration
  y - 2 uncursed lizard corpses
 Scrolls  ('?')
  n - a cursed scroll of identify
 Spellbooks  ('+')
  p - a blessed spellbook of confuse monster
 Potions  ('!')
  v - an uncursed potion of sickness
 Rings    ('=')
  z - a cursed ring of conflict
 Wands    ('/')
  k - a wand of light (0:15)
  o - a wand of secret door detection (0:11)
  q - a wand of sleep (0:8)
  j - a wand of speed monster (0:8)
  r - a wand of stasis (0:3)
 Tools    ('(')
  h - an uncursed magic whistle
  E - an uncursed oil lamp
  F - an uncursed tallow candle
 Gems/Stones  ('*')
  t - an uncursed amethyst stone
  m - an uncursed worthless piece of blue glass
  u - an uncursed worthless piece of white glass
  x - an uncursed worthless piece of yellow glass

Anarchos the Valkyrie's attributes:

Background:
 You were a Fighter, a level 6 dwarven Valkyrie.
 You were lawful, on a mission for Tyr
 who was opposed by Odin (neutral) and Loki (chaotic).
 You were right-handed.
 You were in the Gnomish Mines, on level 8.
 You entered the dungeon 2367 turns ago.
 You had 395 experience points, 245 more were needed to attain level 7.

Basics:
 You had 0 out of 64 hit points.
 You had all 10 energy points (spell power).
 Your armor class was -1.
 Your wallet contained 57 zorkmids.
 Autopickup was on for all types.

Final Characteristics:
 Your strength was 18 (limit:18/100).
 Your dexterity was 16 (limit:20).
 Your constitution was 16 (limit:20).
 Your intelligence was 9 (limit:16).
 Your wisdom was 9 (limit:16).
 Your charisma was 8 (limit:16).

Final Status:
 You weren't hungry.
 You were unencumbered.
 You were wielding a spear.
 You were skilled in spear.

Final Attributes:
 You were piously aligned.
 You were cold resistant.
 You had infravision.
 You were stealthy.
 You were warded.
 Your spell casting was impaired by metallic armor.
 You were lucky.
 Tyr was angry with you.
 You are dead.

Miscellaneous:
 You didn't encounter any bones levels.
 Total elapsed playing time was 2 hours, 51 minutes and 8 seconds.

Major events:
 Turn
    1: Anarchos the lawful dwarven Valkyrie entered the dungeon
  822: attained the rank of Skirmisher (level 3)
 1650: entered the Gnomish Mines
 1890: reached Mine Town
 2232: attained the rank of Fighter (level 6)
 2367: killed by a priestess of Loki, while paralyzed by a monster

Spells:
 Name                 Level Category     Fail Retention
 confuse monster        1   enchantment  100%  76%-100%

Skills:
 Fighting Skills
   bare handed combat [Unskilled]
   two weapon combat  [Unskilled]
   riding             [Unskilled]
 Weapon Skills
   dagger             [Basic]
   axe                [Unskilled]
   pick-axe           [Unskilled]
   short sword        [Unskilled]
   broadsword         [Unskilled]
   long sword         [Unskilled]
   two-handed sword   [Unskilled]
   saber              [Unskilled]
   hammer             [Unskilled]
   quarterstaff       [Unskilled]
   polearms           [Unskilled]
   spear              [Skilled]
   trident            [Unskilled]
   lance              [Unskilled]
   sling              [Unskilled]
 Spellcasting Skills
   attack spells      [Unskilled]
   escape spells      [Unskilled]

Voluntary challenges:
 Character rerolling was not enabled.
 You never genocided any monsters.
 You never polymorphed an object.
 You never changed form.
 You used no wishes.
Achievements:
 You entered a shop.
 You attained the rank of Skirmisher.
 You entered the Gnomish Mines.
 You entered Minetown.
 You entered a temple.
 You attained the rank of Fighter.

 The Dungeons of Doom: levels 1 to 5
    Level 1:
       Many altars, a sink.
    Level 2:
       An altar, a fountain.
    Level 3:
       A wand shop.
    Level 4:
       An altar to Tyr.
       Stairs down to The Gnomish Mines.
    Level 5:
       A fountain.
 The Gnomish Mines: levels 5 to 9
    Level 5:
    Level 6:
    Level 8: <- You were here.
       Some shops, a temple and an altar to Tyr, some fountains, a sink.
       Final resting place for
          you, killed by a priestess of Loki, while paralyzed by a monster.
    Level 9:


Vanquished creatures:
  2 small mimics
  2 dwarf mummies
  2 lizards
  a water nymph
  a paper golem
  a giant ant
  a little dog
  3 floating eyes
  a kobold leader
  2 rothes
  5 monkeys
 an iguana
 an acid blob
  a gas spore
  a hobbit
  a hobgoblin
  a cave spider
  2 yellow molds
  a gnome
  a gnome zombie
  5 jackals
  a goblin
  a sewer rat
  3 grid bugs
  a bat
  2 lichens
  2 kobold zombies
  4 newts
50 creatures vanquished.

No species were genocided or became extinct.

Game over:
                       ----------
                      /          \
                     /    REST    \
                    /      IN      \
                   /     PEACE      \
                  /                  \
                  |     Anarchos     |
                  |      57 Au       |
                  |   killed by a    |
                  |   priestess of   |
                  |       Loki       |
                  |                  |
                  |       2026       |
                 *|     *  *  *      | *
        _________)/\\_//(\/(/\)/\//\/|_)_______

Farvel Anarchos the Valkyrie...

You died in The Gnomish Mines on dungeon level 8 with 2052 points,
and 57 pieces of gold, after 2367 moves.
You were level 6 with a maximum of 64 hit points when you died.

